 Dungeon Sprint DCSS version 0.17-a0-2064-g265a032 (webtiles) character file.

60048 Kidiri the Impregnable (level 14, -48/137 HPs)
             Began as a Minotaur Fighter on Oct 12, 2015.
             Was a High Priest of Okawaru.
             Killed from afar by a hellephant (96 damage)
             ... with a blast of flame
             ... in the Dungeon (Sprint VII: "The Pits").
             The game lasted 00:23:22 (3877 turns).

Kidiri the Impregnable (Minotaur Fighter)           Turns: 3877, Time: 00:23:23

Health: -48/137    AC: 42    Str: 37    XL:     14   Next: 55%
Magic:  17/23      EV: 22    Int:  2    God:    Okawaru [*****.]
Gold:   25         SH: 21    Dex: 13    Spells: 0 memorised, 13 levels left

rFire  x . .     SeeInvis +     w - +8 morningstar (protect)
rCold  + + .     Clarity  .     t - +5 plate armour
rNeg   + . .     SustAt   .     b - +1 shield {rC+}
rPois  +         Gourm    .     E - +0 hat "Atsycett" {rPois rCorr Slay+2 SInv}
rElec  .         Spirit   .     y - +1 cloak
rCorr  +         Warding  +     c - +2 pair of gloves {Str+3}
rMut   .         NoTele   +     x - +1 pair of boots
MR     +....                    H - amulet of warding
Stlth  ..........               a - ring of Zyenutir {rPois rC+ Str+3 Int-3 Dex+2 Stlth+}
                                G - ring "Bisiuxt" {+Fly rF- Str+6}

@: heroism, finesse, somewhat resistant to hostile enchantments, extremely
unstealthy
A: retaliatory headbutt, horns 2
a: Heroism, Finesse, Renounce Religion, Evoke Flight


You were in the Dungeon.
You worshipped Okawaru.
Okawaru was extremely pleased with you.
You were not hungry.

You visited 1 branch You collected 25 gold pieces.

Inventory:

Hand Weapons
 g - a +0 short sword
 s - a +4 eveningstar of flaming
 w - a +8 morningstar of protection (weapon)
 C - a +0 short sword
Missiles
 A - 5 javelins of returning (quivered)
 D - 3 silver javelins
Armour
 b - a +1 shield of cold resistance (worn)
 c - a +2 pair of gloves of strength (worn)
 t - a +5 plate armour (worn)
 x - a +1 pair of boots (worn)
 y - a +1 cloak (worn)
 z - a +0 cloak
 E - the +0 hat "Atsycett" (worn) {rPois rCorr Slay+2 SInv}
   (Okawaru gifted it to you in the Dungeon)

   It affects your accuracy and damage with ranged weapons and melee attacks
   (+2).
   It protects you from poison.
   It lets you see invisible.
   It protects you from acid and corrosion.
Jewellery
 a - the ring of Zyenutir (right hand) {rPois rC+ Str+3 Int-3 Dex+2 Stlth+}
   (You took it off a naga warrior in the Dungeon)

   [ring of stealth]

   It affects your strength (+3).
   It affects your intelligence (-3).
   It affects your dexterity (+2).
   It protects you from cold.
   It protects you from poison.
   It makes you more stealthy.
 G - the ring "Bisiuxt" (left hand) {+Fly rF- Str+6}
   (You found it in the Dungeon)

   [ring of flight]

   It affects your strength (+6).
   It makes you vulnerable to fire.
   It lets you fly.
 H - an amulet of warding (around neck)
Scrolls
 k - a scroll of blinking
 o - 3 scrolls of remove curse
 p - 8 scrolls of amnesia
 q - a scroll of summoning
 I - 3 scrolls of identify
 K - a scroll of fear
 M - a scroll of recharging
Potions
 d - 2 potions of might
 f - 10 potions of curing
 h - 2 potions of haste
 i - 4 potions of magic
 j - 6 potions of berserk rage
 n - 2 potions of invisibility
 r - 2 potions of brilliance
 v - a potion of agility
 L - a potion of cure mutation
Comestibles
 e - 6 bread rations
 l - 40 fruits
 m - 9 meat rations
 u - 12 royal jellies
 B - 4 chunks of flesh


   Skills:
 + Level 16.0(21.0) Fighting
 * Level 20.9(25.9) Maces & Flails
 * Level 21.0(26.0) Armour
 * Level 19.4(24.4) Dodging
 * Level 21.0(26.0) Shields
 + Level 13.4 Invocations


You had 13 spell levels left.
You didn't know any spells.

Dungeon Overview and Level Annotations

Branches:
Dungeon (1/1)

Altars:
Ashenzari
Cheibriados
Dithmenos
Elyvilon
Fedhas
Gozag
Kikubaaqudgha
Makhleb
Nemelex Xobeh
Okawaru
Qazlal
Ru
Sif Muna
Trog
Vehumet
Xom
Yredelemnul
Zin
The Shining One
Beogh
Jiyva
Lugonu

Annotations:
D Sonja


Innate Abilities, Weirdness & Mutations

You reflexively headbutt those who attack you in melee.
You have a pair of horns on your head.


Message History

You skewer the hellephant like a kebab!!!
The hellephant is heavily wounded.
You impale the hellephant!! Your headbutt misses the hellephant.
The hellephant is severely wounded.
You closely miss the hellephant. You headbutt the hellephant!
The hellephant is severely wounded.
You block the hellephant's attack. x2
The hellephant closely misses you.
You thump the hellephant!
The hellephant is severely wounded.
Unknown command.
You hit the hellephant. You headbutt the hellephant!
The hellephant is almost dead.
Unknown command.
You sock the hellephant! You headbutt the hellephant.
The hellephant is almost dead.
The hellephant breathes flames at you. The blast of flame hits you!
The fire burns you terribly!
Ouch! That really hurt!
You die... #+# ##.## .G.
X2S

#1#
#Y#
#@#
#'#
#.#
#'#
#)#
#'#
#.#
#'#
#.#


You could see a hellephant, a tentacled monstrosity, a Brimstone Fiend, a green
death, an anaconda and an eye of devastation.

Vanquished Creatures
  A greater mummy (D)
  Norris (D)
  A titan (D)
  A death cob (D)
  2 orc warlords (D)
  A draconian annihilator (D)
  An apis (D)
  A stone giant (D)
  A yellow draconian (D)
  A white draconian (D)
  5 vault guards (D)
  A yaktaur captain (D)
  A naga warrior (D)
  A great orb of eyes (D)
  A rakshasa (D)
  A catoblepas (D)
  Erica (D)
  A death knight (D)
  A deep troll shaman (D)
  7 death yaks (D)
  A vampire mage (D)
  4 hell hogs (D)
  5 deep trolls (D)
  2 deep elf knights (D)
  A sea snake (D)
  A naga ritualist (D)
  2 spriggan druids (D)
  A swamp dragon (D)
  A hill giant (D)
  A griffon (D)
  A sixfirhy (D)
  A moth of wrath (shapeshifter) (D)
  2 cyclopes (D)
  12 orc knights (D)
  2 elephants (D)
  A spiny frog (D)
  2 molten gargoyles (D)
  2 orange demons (D)
  A gargoyle (D)
  A kobold demonologist (D)
  3 yaktaurs (D)
  A red devil (D)
  A blue devil (D)
  3 two-headed ogres (D)
  A guardian mummy (D)
  A merfolk (D)
  A freezing wraith (D)
  A hellwing (D)
  A jumping spider (D)
  A wandering mushroom (D)
  A boulder beetle (D)
  A snapping turtle (D)
  6 slime creatures (D)
  A shadow (D)
  A tarantella (D)
  A wraith (D)
  2 redbacks (D)
  8 yaks (D)
  A deep elf fighter (D)
  A fire bat (D)
  Eustachio (D)
  2 hippogriffs (D)
  A steam dragon (D)
  6 wolves (D)
  A naga (D)
  A soldier ant (D)
  2 mottled dragons (D)
  A phantom (D)
  An eye of draining (D)
  A centaur (D)
  A giant frog (D)
  A big kobold (D)
  A gnoll sergeant (D)
  A crimson imp (D)
  2 jellies (D)
  An orc wizard (D)
  Terence (D)
  A hell rat (D)
  A worker ant (D)
  12 sheep (D)
  6 gnolls (D)
  A river rat (D)
  2 ufetubi (D)
  An ooze (D)
  An adder skeleton (D)
  An adder simulacrum (D)
  A giant gecko (D)
  2 orcs (D)
  A bat skeleton (D)
  A giant cockroach (D)
  2 hobgoblins (D)
  A quokka (D)
  A bat (D)
  A giant cockroach zombie (D)
  2 giant newts (D)
  A jackal simulacrum (D)
  A kobold (D)
177 creatures vanquished.

Vanquished Creatures (others)
  A giant frog (D)
1 creature vanquished.

Grand Total: 178 creatures vanquished

Notes
Turn   | Place    | Note
--------------------------------------------------------------
     0 | D        | Kidiri the Minotaur Fighter began the quest for the Orb.
     0 | D        | Reached XP level 1. HP: 19/19 MP: 0/0
    15 | D        | Reached skill level 4 in Armour
    15 | D        | Reached skill level 1 in Dodging
    49 | D        | Found a sacrificial altar of Ru.
    49 | D        | Found a basalt altar of Yredelemnul.
    49 | D        | Found a shadowy altar of Dithmenos.
    49 | D        | Found a deep blue altar of Sif Muna.
    49 | D        | Found a burning altar of Makhleb.
    49 | D        | Found a shimmering altar of Xom.
    49 | D        | Found an ancient bone altar of Kikubaaqudgha.
    49 | D        | Found a sparkling altar of Nemelex Xobeh.
    50 | D        | Found a glowing golden altar of the Shining One.
    50 | D        | Found a bloodstained altar of Trog.
    50 | D        | Found a shattered altar of Ashenzari.
    50 | D        | Found a white marble altar of Elyvilon.
    50 | D        | Found a snail-covered altar of Cheibriados.
    50 | D        | Found a blossoming altar of Fedhas.
    50 | D        | Found a radiant altar of Vehumet.
    50 | D        | Found a glowing silver altar of Zin.
    50 | D        | Found a corrupted altar of Lugonu.
    50 | D        | Found a viscous altar of Jiyva.
    50 | D        | Found a roughly hewn altar of Beogh.
    50 | D        | Found an iron altar of Okawaru.
    56 | D        | Found a stormy altar of Qazlal.
    56 | D        | Found an opulent altar of Gozag.
    59 | D        | Became a worshipper of Warmaster Okawaru
   151 | D        | Noticed a worker ant
   156 | D        | Killed a worker ant
   156 | D        | Reached skill level 5 in Armour
   156 | D        | Reached skill level 1 in Invocations
   156 | D        | Reached XP level 2. HP: 27/27 MP: 1/1
   156 | D        | Reached XP level 3. HP: 33/33 MP: 2/2
   224 | D        | Noticed a jelly
   235 | D        | Killed a jelly
   235 | D        | Reached skill level 5 in Shields
   235 | D        | Reached XP level 4. HP: 32/41 MP: 2/4
   239 | D        | Reached skill level 5 in Maces & Flails
   242 | D        | Reached * piety under Okawaru
   399 | D        | Noticed a phantom
   399 | D        | Noticed a jelly
   407 | D        | Killed a jelly
   407 | D        | Reached skill level 6 in Armour
   418 | D        | Killed a phantom
   418 | D        | Reached skill level 5 in Fighting
   418 | D        | Reached skill level 7 in Armour
   418 | D        | Reached skill level 5 in Dodging
   418 | D        | Reached XP level 5. HP: 46/48 MP: 3/6
   441 | D        | Noticed a centaur
   442 | D        | Noticed a big kobold
   444 | D        | Killed a centaur
   444 | D        | Reached XP level 6. HP: 54/57 MP: 4/7
   459 | D        | Killed a big kobold
   459 | D        | Reached skill level 8 in Armour
   486 | D        | Noticed a crimson imp
   498 | D        | Killed a crimson imp
   508 | D        | Noticed a steam dragon
   513 | D        | Killed a steam dragon
   513 | D        | Reached ** piety under Okawaru
   513 | D        | Reached skill level 9 in Armour
   513 | D        | Reached XP level 7. HP: 62/64 MP: 6/9
   537 | D        | Noticed a giant frog
   540 | D        | Killed a giant frog
   621 | D        | Noticed a boulder beetle
   621 | D        | Noticed a giant frog
   623 | D        | Killed a giant frog
   642 | D        | Killed a boulder beetle
   642 | D        | Reached skill level 5 in Invocations
   787 | D        | Noticed Terence
   787 | D        | Noticed Sonja
   788 | D        | Noticed a griffon
   792 | D        | HP: 1/66 [Sonja/uncursed dagger of distortion (24)]
   802 | D        | HP: 3/66 [Sonja/uncursed dagger of distortion (1)]
   807 | D        | Killed a griffon
   807 | D        | Reached *** piety under Okawaru
   807 | D        | Reached skill level 10 in Armour
   807 | D        | Reached skill level 10 in Shields
   807 | D        | Reached XP level 8. HP: 48/73 MP: 10/10
   810 | D        | Killed Terence
   848 | D        | Noticed a merfolk
   848 | D        | Noticed a guardian mummy
   861 | D        | Killed a merfolk
   861 | D        | Reached skill level 10 in Maces & Flails
   872 | D        | Killed a guardian mummy
   872 | D        | Reached skill level 11 in Armour
   941 | D        | Noticed a gargoyle
   945 | D        | Killed a gargoyle
  1053 | D        | Noticed a mottled dragon
  1059 | D        | Killed a mottled dragon
  1059 | D        | Reached skill level 10 in Dodging
  1059 | D        | Reached XP level 9. HP: 82/82 MP: 12/12
  1060 | D        | Noticed a death yak
  1060 | D        | Noticed a redback
  1060 | D        | Noticed a jumping spider
  1061 | D        | Noticed a redback
  1062 | D        | Noticed a yak
  1062 | D        | Noticed a yak
  1062 | D        | Noticed a gnoll sergeant
  1064 | D        | Noticed a yak
  1073 | D        | Killed a death yak
  1073 | D        | Reached **** piety under Okawaru
  1073 | D        | Reached skill level 12 in Armour
  1076 | D        | Killed a redback
  1082 | D        | Noticed a yak
  1086 | D        | Noticed a yak
  1095 | D        | Killed a yak
  1100 | D        | Killed a yak
  1102 | D        | Killed a yak
  1102 | D        | Reached ***** piety under Okawaru
  1103 | D        | Killed a redback
  1104 | D        | Noticed a freezing wraith
  1115 | D        | Killed a yak
  1120 | D        | Killed a freezing wraith
  1123 | D        | Killed a yak
  1123 | D        | Reached XP level 10. HP: 49/92 MP: 14/14
  1141 | D        | Killed a jumping spider
  1141 | D        | Reached skill level 13 in Armour
  1146 | D        | Noticed a catoblepas
  1157 | D        | Killed a catoblepas
  1157 | D        | Received a gift from Okawaru
  1157 | D        | Received a gift from Okawaru
  1157 | D        | Reached skill level 10 in Fighting
  1163 | D        | Killed a gnoll sergeant
  1170 | D        | Got a polished chain mail {god gift}
  1192 | D        | Noticed a deep elf knight
  1207 | D        | Killed a deep elf knight
  1269 | D        | Noticed a hellwing
  1271 | D        | Noticed a shadow
  1285 | D        | Killed a hellwing
  1295 | D        | Killed a shadow
  1300 | D        | Noticed an orc wizard
  1302 | D        | Noticed a kobold demonologist
  1302 | D        | Noticed a hill giant
  1302 | D        | Noticed an orange demon
  1302 | D        | Noticed a snapping turtle
  1303 | D        | Noticed Eustachio
  1304 | D        | Noticed a vampire mage
  1305 | D        | Noticed a death yak
  1307 | D        | Killed an orc wizard
  1309 | D        | Noticed a fire bat
  1309 | D        | Noticed a two-headed ogre
  1327 | D        | Killed a hill giant
  1335 | D        | Killed a kobold demonologist
  1339 | D        | Killed a fire bat
  1339 | D        | Reached skill level 14 in Armour
  1348 | D        | Killed Eustachio
  1354 | D        | Killed a death yak
  1357 | D        | Killed a two-headed ogre
  1367 | D        | Killed a vampire mage
  1367 | D        | Reached XP level 11. HP: 32/102 MP: 12/16
  1380 | D        | Noticed a red devil
  1396 | D        | Killed a snapping turtle
  1403 | D        | Killed an orange demon
  1409 | D        | Killed a red devil
  1428 | D        | Noticed an elephant
  1441 | D        | Killed an elephant
  1441 | D        | Received a gift from Okawaru
  1480 | D        | Got the ring "Bisiuxt" {+Fly rF- Str+6}
  1609 | D        | Identified the +3 chain mail "Rocras" {Regen+ Int+3} (Okawaru gifted it to you in the Dungeon)
  1674 | D        | Noticed a hippogriff
  1674 | D        | Noticed a cyclops
  1680 | D        | Killed a cyclops
  1686 | D        | Reached skill level 15 in Armour
  1691 | D        | Killed a hippogriff
  1726 | D        | Noticed Erica
  1726 | D        | Noticed a deep elf fighter
  1739 | D        | Killed Erica
  1739 | D        | Reached ****** piety under Okawaru
  1739 | D        | Reached skill level 15 in Shields
  1741 | D        | Killed a deep elf fighter
  1808 | D        | Noticed a wolf
  1811 | D        | Killed a wolf
  1813 | D        | Noticed a wolf
  1819 | D        | Killed a wolf
  1837 | D        | Noticed a wolf
  1838 | D        | Noticed a hell hog
  1839 | D        | Noticed a wraith
  1841 | D        | Noticed a hell hog
  1843 | D        | Killed a wolf
  1843 | D        | Reached skill level 15 in Maces & Flails
  1847 | D        | Killed a hell hog
  1851 | D        | Killed a hell hog
  1855 | D        | Killed a wraith
  1970 | D        | Noticed a spiny frog
  1970 | D        | Noticed a hell hog
  1971 | D        | Noticed a hell hog
  1974 | D        | Killed a hell hog
  1979 | D        | Killed a hell hog
  1979 | D        | Received a gift from Okawaru
  1986 | D        | Killed a spiny frog
  2054 | D        | Noticed a yak
  2055 | D        | Noticed a death knight
  2057 | D        | Noticed a yak
  2057 | D        | Noticed a yak
  2065 | D        | Killed a yak
  2074 | D        | Killed a death knight
  2074 | D        | Reached skill level 16 in Armour
  2076 | D        | Killed a yak
  2078 | D        | Killed a yak
  2096 | D        | Noticed a wolf
  2104 | D        | Noticed a wolf
  2104 | D        | Killed a wolf
  2109 | D        | Killed a wolf
  2112 | D        | Noticed a wolf
  2116 | D        | Killed a wolf
  2116 | D        | Reached skill level 10 in Invocations
  2191 | D        | Noticed a yellow draconian
  2192 | D        | Noticed a tarantella
  2198 | D        | Killed a tarantella
  2198 | D        | Reached XP level 12. HP: 99/112 MP: 13/18
  2207 | D        | Killed a yellow draconian
  2247 | D        | Noticed a hippogriff
  2247 | D        | Noticed a wandering mushroom
  2247 | D        | Noticed a hell rat
  2252 | D        | Killed a hippogriff
  2254 | D        | Killed a hell rat
  2259 | D        | Killed a wandering mushroom
  2401 | D        | Noticed an orange demon
  2401 | D        | Noticed a spriggan druid
  2411 | D        | Noticed a stone giant
  2415 | D        | Killed a spriggan druid
  2416 | D        | Noticed a sea snake
  2424 | D        | Killed a stone giant
  2424 | D        | Received a gift from Okawaru
  2424 | D        | Reached skill level 15 in Dodging
  2427 | D        | Noticed a swamp dragon
  2431 | D        | Killed a sea snake
  2432 | D        | Noticed a molten gargoyle
  2434 | D        | Killed a swamp dragon
  2435 | D        | Noticed an eye of draining
  2438 | D        | Killed an eye of draining
  2442 | D        | Noticed a spriggan druid
  2446 | D        | Killed an orange demon
  2447 | D        | Killed a molten gargoyle
  2451 | D        | Killed a spriggan druid
  2451 | D        | Reached skill level 17 in Armour
  2452 | D        | Noticed a blue devil
  2452 | D        | Noticed an orc knight
  2453 | D        | Noticed a death cob
  2456 | D        | Killed a blue devil
  2463 | D        | Noticed a sixfirhy
  2469 | D        | Killed a sixfirhy
  2473 | D        | Killed an orc knight
  2485 | D        | Killed a death cob
  2485 | D        | Received a gift from Okawaru
  2495 | D        | Noticed an elephant
  2500 | D        | Killed an elephant
  2575 | D        | Noticed a naga warrior
  2586 | D        | Killed a naga warrior
  2588 | D        | Got the ring of Zyenutir {rPois rC+ Str+3 Int-3 Dex+2 Stlth+}
  2591 | D        | Noticed a naga
  2593 | D        | Killed a naga
  2599 | D        | Noticed a naga ritualist
  2609 | D        | Killed a naga ritualist
  2731 | D        | Noticed an apis
  2731 | D        | Noticed a death yak
  2736 | D        | Killed a death yak
  2737 | D        | Noticed a death yak
  2743 | D        | Killed a death yak
  2743 | D        | Received a gift from Okawaru
  2749 | D        | Noticed a death yak
  2750 | D        | Killed an apis
  2751 | D        | Noticed a cyclops
  2752 | D        | Noticed a death yak
  2756 | D        | Killed a death yak
  2756 | D        | Reached skill level 18 in Armour
  2756 | D        | Reached XP level 13. HP: 80/122 MP: 20/20
  2757 | D        | Killed a cyclops
  2758 | D        | Noticed a death yak
  2759 | D        | Killed a death yak
  2760 | D        | Noticed a two-headed ogre
  2762 | D        | Killed a two-headed ogre
  2763 | D        | Noticed a two-headed ogre
  2763 | D        | Killed a two-headed ogre
  2769 | D        | Killed a death yak
  2851 | D        | Noticed a rakshasa
  2851 | D        | Noticed a mottled dragon
  2851 | D        | Noticed a deep troll shaman
  2851 | D        | Noticed a deep troll
  2851 | D        | Noticed a deep troll
  2851 | D        | Noticed a deep troll
  2851 | D        | Noticed a deep troll
  2851 | D        | Noticed a deep troll
  2855 | D        | Killed a rakshasa
  2859 | D        | Killed a deep troll shaman
  2861 | D        | Killed a deep troll
  2862 | D        | Killed a mottled dragon
  2865 | D        | Killed a deep troll
  2868 | D        | Killed a deep troll
  2871 | D        | Killed a deep troll
  2873 | D        | Killed a deep troll
  2953 | D        | Noticed a soldier ant
  2954 | D        | Noticed a molten gargoyle
  2954 | D        | Noticed an orc knight
  2954 | D        | Noticed an orc knight
  2954 | D        | Noticed an orc knight
  2954 | D        | Noticed an orc knight
  2955 | D        | Noticed an orc warlord
  2955 | D        | Noticed an orc warlord
  2958 | D        | Noticed a slime creature
  2960 | D        | Killed a soldier ant
  2961 | D        | Noticed an orc knight
  2963 | D        | Killed a molten gargoyle
  2964 | D        | Noticed a vault guard
  2964 | D        | Noticed an orc knight
  2965 | D        | Noticed a slime creature
  2968 | D        | Noticed an orc knight
  2968 | D        | Noticed an orc knight
  2973 | D        | Noticed a vault guard
  2974 | D        | Noticed a slime creature
  2974 | D        | Killed an orc knight
  2989 | D        | Killed an orc warlord
  2992 | D        | Noticed an orc knight
  2993 | D        | Killed an orc knight
  2993 | D        | Reached skill level 19 in Shields
  2995 | D        | Killed a slime creature
  2999 | D        | Killed a vault guard
  3003 | D        | Killed an orc knight
  3008 | D        | Killed an orc knight
  3018 | D        | Killed an orc warlord
  3018 | D        | Received a gift from Okawaru
  3022 | D        | Killed a slime creature
  3026 | D        | Killed a vault guard
  3027 | D        | Killed a slime creature
  3032 | D        | Killed an orc knight
  3040 | D        | Killed an orc knight
  3045 | D        | Killed an orc knight
  3049 | D        | Killed an orc knight
  3053 | D        | Killed an orc knight
  3069 | D        | Noticed an orc knight
  3082 | D        | Killed an orc knight
  3121 | D        | Noticed a slime creature
  3121 | D        | Noticed a yaktaur
  3122 | D        | Noticed a slime creature
  3122 | D        | Noticed a vault guard
  3128 | D        | Noticed a slime creature
  3132 | D        | Killed a vault guard
  3134 | D        | Noticed a yaktaur
  3136 | D        | Killed a slime creature
  3137 | D        | Noticed a yaktaur
  3138 | D        | Noticed a deep elf knight
  3139 | D        | Killed a slime creature
  3140 | D        | Noticed a great orb of eyes
  3140 | D        | Noticed a yaktaur captain
  3141 | D        | Noticed a vault guard
  3141 | D        | Killed a yaktaur
  3144 | D        | Killed a slime creature
  3145 | D        | Killed a yaktaur
  3148 | D        | Killed a yaktaur
  3148 | D        | Reached skill level 15 in Fighting
  3150 | D        | Paralysed by a great orb of eyes for 5 turns
  3159 | D        | Killed a great orb of eyes
  3159 | D        | Reached XP level 14. HP: 45/135 MP: 22/22
  3160 | D        | Killed a deep elf knight
  3164 | D        | Killed a yaktaur captain
  3164 | D        | Reached skill level 20 in Armour
  3175 | D        | Killed a vault guard
  3188 | D        | Noticed an orc knight
  3188 | D        | Noticed a vault guard
  3200 | D        | Killed an orc knight
  3211 | D        | Killed a vault guard
  3501 | D        | Noticed a red draconian annihilator
  3507 | D        | Killed a red draconian annihilator
  3567 | D        | Noticed a white draconian
  3573 | D        | Killed a white draconian
  3575 | D        | Noticed a greater mummy
  3588 | D        | Killed a greater mummy
  3588 | D        | Received a gift from Okawaru
  3588 | D        | Received a gift from Okawaru
  3588 | D        | Lost intelligence.
  3591 | D        | Got a distressingly furry hat {god gift}
  3597 | D        | Identified the +0 hat "Atsycett" {rPois rCorr Slay+2 SInv} (Okawaru gifted it to you in the Dungeon)
  3651 | D        | Noticed Norris
  3652 | D        | Paralysed by Norris for 3 turns
  3661 | D        | Killed Norris
  3663 | D        | Noticed a titan
  3669 | D        | Killed a titan
  3669 | D        | Reached skill level 21 in Armour
  3867 | D        | Noticed an eye of devastation
  3867 | D        | Noticed a tentacled monstrosity
  3867 | D        | Noticed a green death
  3867 | D        | Noticed an anaconda
  3867 | D        | Noticed a Brimstone Fiend
  3867 | D        | Noticed a hellephant
  3877 | D        | Killed from afar by a hellephant

Vault maps used:
D:        pitsprint

Action                   |  1- 3 |  4- 6 |  7- 9 | 10-12 | 13-15 || total
-------------------------+-------+-------+-------+-------+-------++-------
Melee: Mace              |    13 |     7 |       |       |       ||    20
       Flail             |     2 |    43 |    29 |       |       ||    74
       Morningstar       |       |       |    89 |   255 |   203 ||   547
       Eveningstar       |       |       |       |    95 |    33 ||   128
Throw: Throwing net      |       |       |       |     1 |       ||     1
       Javelin           |       |       |       |     3 |     2 ||     5
Invok: Heroism           |       |     3 |     4 |     7 |     5 ||    19
       Finesse           |       |       |       |     5 |     5 ||    10
  Use: Potion            |       |       |     4 |     8 |       ||    12
       Scroll            |       |       |       |     6 |       ||     6
 Stab: Held in net/web   |       |       |       |     2 |       ||     2
  Eat: Chunk             |       |       |     1 |     4 |     2 ||     7
       Bread ration      |       |       |       |     2 |       ||     2
